 Dungeon Crawl Stone Soup version 0.32-a0-128-g77eb882913 (webtiles) character file.

Game seed: 4330822683145216612

1109 Ceno the Sneak (level 8, -1/42 HPs)
             Began as a Vine Stalker Brigand on Feb 7, 2024.
             Was a Follower of Uskayaw.
             Slain by a white imp (3 damage)
             ... on level 6 of the Dungeon.
             The game lasted 00:16:58 (4711 turns).

Ceno the Sneak (Vine Stalker Brigand)               Turns: 4711, Time: 00:16:58

Health: -1/42      AC: -1    Str: 13    XL:     8   Next: 33%
Magic:  0/9        EV: 10    Int: 11    God:    Uskayaw [*.....]
Gold:   200        SH:  0    Dex: 19    Spells: 7/7 levels left

rFire   + . .        a - +0 dagger (venom)
rCold   . . .        (no shield)
rNeg    . . .        q - +0 ring mail
rPois   .            k - +0 helmet
rElec   .            c - +0 cloak
rCorr   .            (no gloves)
SInv    .            (no boots)
Will    +....        p - amulet of regeneration
Stlth   +++          w - ring of protection from fire
HPRegen 1.87/turn    (no ring)
MPRegen 0.11/turn

%: guardian spirit
@: corroded
A: fangs 3, regeneration 1, magic shield, antimagic bite, no potion heal 2
a: Renounce Religion, Stomp


You were on level 6 of the Dungeon.
You worshipped Uskayaw.
Uskayaw was noncommittal.
You visited 1 branch of the dungeon, and saw 6 of its levels.

You collected 200 gold pieces.

Inventory:

Hand Weapons
 a - a +0 dagger of venom (weapon)
 b - a +0 rapier
 z - a +2 dagger
Missiles
 d - 13 poisoned darts (quivered)
 e - 3 curare-tipped darts
 f - 50 stones
Armour
 c - a +0 cloak (worn)
 j - a +0 kite shield
 k - a +0 helmet (worn)
 q - a +0 ring mail (worn)
Jewellery
 p - an amulet of regeneration (around neck)
 w - a ring of protection from fire (left hand)
Wands
 u - a wand of charming (2)
 y - a wand of roots (1)
Scrolls
 g - 2 scrolls of blinking
 h - a scroll of noise
 o - a scroll of immolation {unknown}
 r - 2 scrolls of butterflies {unknown}
 s - a scroll of acquirement {unknown}
 t - a scroll of teleportation {unknown}
 v - a scroll of enchant armour {unknown}
 x - 2 scrolls of identify
 A - 2 scrolls of revelation {unknown}
 B - 2 scrolls of enchant weapon {unknown}
Potions
 i - 6 potions of curing
 l - a potion of resistance
 m - a potion of mutation
 n - 2 potions of attraction
 C - a potion of haste {unknown}


   Skills:
 + Level 4.6 Fighting
 + Level 4.6 Short Blades
 + Level 4.6 Throwing
 - Level 0.7 Dodging
 + Level 7.9 Stealth


You had 7 spell levels left.
You didn't know any spells.
Your spell library contained the following spells:

 Spells                   Type           Power      Damage    Failure   Level
 Summon Small Mammal      Summ           0%         N/A       61%         1
 Call Canine Familiar     Summ           0%         N/A       93%         3
 Summon Blazeheart Golem  Fire/Summ      0%         N/A       100%        4


Dungeon Overview and Level Annotations

Branches:
Dungeon (6/15)
 Temple: D:4-7

Altars:
Makhleb
Okawaru
Sif Muna
Trog
Uskayaw
Yredelemnul

Shops:
D:3 :   D:5 [?=

Annotations:
D:5 2 transporters, slippy's ghost, amateur DEFE


Innate Abilities, Weirdness & Mutations

You have razor-sharp teeth.
Your natural rate of healing is unusually fast.
When hurt, damage is shared between your health and your magic reserves.
Your bite disrupts and absorbs the magic of your enemies.
Potions cannot restore your health.


Message History

You hit the jelly.
The jelly is poisoned.
Your hands burn!
The jelly is moderately wounded.
You hear an angry hiss.
The orc wizard casts a spell.
The orc wizard flickers and vanishes!
The white imp gestures at you. The puff of frost misses you.
The puff of frost hits the orc!
The orc dies!
The white imp gestures at you. The puff of frost hits you!
A wyvern comes into view.
The jelly hits you but does no damage. Something hits you.
The jelly attacks as it pursues you! The jelly hits you but does no damage.
A magic dart appears from out of thin air!
The magic dart hits you! The white imp gestures at you.
The puff of frost hits you! The orc attacks as it pursues you!
The orc closely misses you. The jelly hits you but does no damage.
There is a stone staircase leading up here.
The jelly hits you. The acid corrodes you!
You are splashed with acid!
The orc closely misses you.
In your confused state, you trip and fall back down the stairs.
You feel less confused.
The white imp summons a swarm of flies.
The white imp gestures at you. The puff of frost hits you!
The white imp hits you.
* * * LOW HITPOINT WARNING * * *
The white imp freezes you.
* * * LOW HITPOINT WARNING * * *
The jelly jiggles.
The jelly hits you.
* * * LOW HITPOINT WARNING * * *
The acid corrodes you!
You are splashed with acid.
* * * LOW HITPOINT WARNING * * *
Something hits you.
* * * LOW HITPOINT WARNING * * *
The white imp hits you.
You die...
Your body falls in perfect tune with the rhythm.

#. .# #. .## #
##.####..####
#.#...........
#.........<.##
#............#
#...)..o.....#
#......Jk5>..#
.......).@o...#
##.#....5........
#. ##............
# #........#...
#.............
#..........###
#..........#
#..........#


You could see a wyvern, a jelly (very poisoned), 2 white imps and 2 orcs.

Vanquished Creatures
  A black bear (D:4)
  2 ogres (D:5)
  A scorpion (D:5)
  5 killer bees (D:5)
  3 bombardier beetles
  A jelly (D:4)
  An orc priest (D:5)
  A sleepcap (D:5)
  3 iguanas
  2 orc wizards
  Robin (D:3)
  6 adders
  8 gnolls
  2 ribbon worms
  3 dart slugs
  10 orcs
  11 endoplasms
  A giant cockroach (D:2)
  14 goblins
  15 hobgoblins
  4 jackals
  4 kobolds (D:4)
  5 quokkas
  9 ball pythons
  5 bats
  5 frilled lizards
  9 rats
132 creatures vanquished.

Vanquished Creatures (others)
  An orc (D:6)
1 creature vanquished.

Grand Total: 133 creatures vanquished

Notes
Turn   | Place    | Note
-------+----------+-------------------------------------------
     0 | D:1      | Ceno the Vine Stalker Brigand began the quest for the Orb.
     0 | D:1      | Reached XP level 1. HP: 11/11 MP: 2/2
   274 | D:1      | Reached skill level 5 in Stealth
   274 | D:1      | Reached XP level 2. HP: 15/15 MP: 3/3
   736 | D:2      | Reached XP level 3. HP: 18/18 MP: 2/4
  1075 | D:2      | Reached XP level 4. HP: 23/23 MP: 5/5
  1468 | D:3      | Found a basalt altar of Yredelemnul.
  1468 | D:3      | Found a bloodstained altar of Trog.
  1468 | D:3      | Found a burning altar of Makhleb.
  1547 | D:3      | Noticed Robin
  1709 | D:3      | Reached XP level 5. HP: 25/27 MP: 3/6
  1714 | D:3      | Killed Robin
  1786 | D:3      | Found Guizint's Book Shop.
  1861 | D:3      | HP: 1/28 [gnoll/+0 halberd (6)]
  1944 | D:3      | Found a hide-covered altar of Uskayaw.
  1952 | D:3      | Became a worshipper of Uskayaw the Reveller
  2069 | D:3      | Found a shimmering blue altar of Sif Muna.
  2078 | D:3      | Reached * piety under Uskayaw
  2112 | D:3      | Reached ** piety under Uskayaw
  2138 | D:3      | Reached skill level 6 in Stealth
  2588 | D:4      | Reached XP level 6. HP: 32/32 MP: 7/7
  3104 | D:4      | Noticed an ice beast
  3253 | D:4      | Found an iron altar of Okawaru.
  3319 | D:4      | Identified the +6 plate armour of Liberalism {rN+ Str+2
                  | Int+2}
  3443 | D:4      | Noticed a black bear
  3496 | D:4      | Killed a black bear
  3619 | D:5      | Entered Level 5 of the Dungeon
  3627 | D:5      | Reached XP level 7. HP: 37/37 MP: 8/8
  3712 | D:5      | Found Beungu's Magic Scroll Shoppe.
  4026 | D:5      | Reached skill level 7 in Stealth
  4062 | D:5      | Noticed slippy's ghost (amateur DEFE)
  4094 | D:5      | Found Weleosug's Armour Boutique.
  4111 | D:5      | Found a transporter.
  4115 | D:5      | Found a transporter.
  4230 | D:5      | Reached *** piety under Uskayaw
  4231 | D:5      | Gained mutation: You have razor-sharp teeth. [Vine Stalker
                  | growth]
  4231 | D:5      | Reached XP level 8. HP: 42/42 MP: 9/9
  4232 | D:5      | Reached **** piety under Uskayaw
  4667 | D:5      | Found Efeupaha's Jewellery Shoppe.
  4705 | D:6      | Noticed a wyvern
  4710 | D:6      | HP: 2/42 [acid (5)]
  4711 | D:6      | Slain by a white imp

Illustrated notes

Levels and vault maps discovered:
D:1:      eino_arrival_water_cross, layout_loops_ring
D:2:      layout_basic, minivault_19
D:3:      minmay_door_path, layout_rooms, led_sif_pool,
          nicolae_overflow_crystal_walls, grunt_temple_overflow_open,
          serial_shops, nicolae_shop_behind_doors, uniq_robin
D:4:      layout_gridville, kennysheep_mini_moat, kennysheep_opposing_triangles
D:5:      layout_basic, gammafunk_ghost_arena, serial_shops, shop, shop,
          nicolae_inconvenience_store
D:6:      layout_rooms

Skill      XL: |  1  2  3  4  5  6  7 |
---------------+----------------------+-----
Fighting       | 2 3 4 |  4.6
Short Blades   | 2 3 4 |  4.6
Throwing       | 2 3 4 |  4.6
Stealth        | 5 6 7 |  7.9
Dodging        | |  0.7

Action                     |  1- 3 |  4- 6 |  7- 9 || total
---------------------------+-------+-------+-------++-------
  Melee: Dagger            |    90 |   210 |    62 ||   362
         Bite              |    19 |    75 |    28 ||   122
         Punch             |     2 |    10 |     7 ||    19
  Throw: Stone             |     3 |       |       ||     3
         Dart              |       |    24 |    20 ||    44
    Use: Scroll            |       |     6 |       ||     6
   Stab: Sleeping          |    11 |     5 |     7 ||    23
         Distracted        |       |       |     1 ||     1
 Armour: Robe              |     7 |       |       ||     7
         Leather armour    |    25 |     9 |       ||    34
         Ring mail         |       |   111 |    40 ||   151
  Dodge: Dodged            |    36 |    89 |    13 ||   138

Table legend: (Time is in decaauts)
 A = Elapsed time spent in this place.
 B = Non-inter-level travel time spent in this place.
 C = Inter-level travel time spent in this place.
 D = Time resting spent in this place.
 E = Time spent auto-exploring this place.
 F = Levels seen in this place.
 G = Mean time per level.
                   A        B        C        D        E       F      G
               +--------+--------+--------+--------+--------+-----+--------+
         Total |   4656 |   4417 |    239 |    116 |   2601 |   6 |  776.0 |
       Dungeon |   4656 |   4417 |    239 |    116 |   2601 |   6 |  776.0 |
               +--------+--------+--------+--------+--------+-----+--------+

Top non-repeatable levels by time:
     D:4: 1078 daAuts
     D:5: 1064 daAuts
     D:3: 905 daAuts
     D:2: 844 daAuts
     D:1: 753 daAuts
     D:6: 10 daAuts
